AoeStats
← ordulops007

Arena

510054033Analyzed
1v1 RM · 4d ago on Sep 29, 2026· 15m 24s· 2 players
Game mode
Random Map
Map size
Tiny (2 player)
Population
200
Speed
Normal
Resources
Standard
Victory
Conquest
Starting age
Dark Age
Ending age
Imperial Age
RankedLock teamsTeams togetherTeam positionsShared explorationLock speedFull tech treeHidden civsTurbo modeCheats
Victory
Defeat
🇹🇼 Teutons · Taiwan
1229
+14
🇪🇪 Varangians · Estonia
1187
-14
ordulops007
9:54 Feudal Age
10:00 Feudal Age
12:35 Loom
12:56 Double-Bit Axe
タシ
6:15 Loom
8:55 Feudal Age
9:58 Town Watch
10:59 Fletching
Connection lost

Rejoining the realm…

Still unreachable

The connection could not be restored.

Session expired

The server has moved on; the page needs a fresh start.